[ AOE2 MATCH · #475217023 ]
UnrankedHindustanis vs Vietnamese
Player's team · LOSS
[ REPLAY ANALYSIS · EXTRACTED FROM THE RECORDED GAME ]
Feudal
—
Castle
—
Imperial
—
| APM avg | 27.2 |
| APM peak | 64 |
| eAPM avg | 9.6 |
| Villagers / military | 0 / 0 |
Focus
⚔️ 60.0% · 🌾 40.0%
Feudal
—
Castle
—
Imperial
—
| APM avg | 27.1 |
| APM peak | 74 |
| eAPM avg | 17.7 |
| Villagers / military | 0 / 915 |
Focus
⚔️ 98.4% · 🌾 1.6%
Knight ×545 · Fire Lancer ×370
Feudal
—
Castle
—
Imperial
—
| APM avg | 20.9 |
| APM peak | 52 |
| eAPM avg | 16.1 |
| Villagers / military | 0 / 335 |
Focus
⚔️ 86.6% · 🌾 13.4%
Battle Elephant ×215 · Elephant Archer ×106 · Militia ×14
Feudal
—
Castle
—
Imperial
—
| APM avg | 58.0 |
| APM peak | 110 |
| eAPM avg | 48.8 |
| Villagers / military | 0 / 143 |
Focus
⚔️ 99.2% · 🌾 0.8%
Unknown (2550) ×1140 · Archer ×143
Feudal
—
Castle
—
Imperial
—
| APM avg | 42.4 |
| APM peak | 68 |
| eAPM avg | 18.9 |
| Villagers / military | 0 / 415 |
Focus
⚔️ 90.2% · 🌾 9.8%
Knight ×415
Feudal
—
Castle
—
Imperial
—
| APM avg | 30.3 |
| APM peak | 69 |
| eAPM avg | 11.9 |
| Villagers / military | 0 / 494 |
Focus
⚔️ 89.5% · 🌾 10.5%
Knight ×308 · Archer ×186
Feudal
—
Castle
—
Imperial
—
| APM avg | 27.0 |
| APM peak | 49 |
| eAPM avg | 6.8 |
| Villagers / military | 0 / 0 |
Focus
⚔️ 91.3% · 🌾 8.7%
Feudal
—
Castle
—
Imperial
—
| APM avg | 39.2 |
| APM peak | 122 |
| eAPM avg | 34.6 |
| Villagers / military | 0 / 2178 |
Focus
⚔️ 92.9% · 🌾 7.1%
Militia ×1250 · Spearman ×928
Match map
Resources at game start + every placement click. Thick line = wall · dashed box = detected house wall. 🟡 gold · ⚪ stone · 🟢 berries · 🔶 boar · ⭕ relic
Inputs per minute
— avemariaboys - - Call_Me_Pro:)
Build order — avemariaboys
0 actions detected in the replay
Build order — Call_Me_Pro:)
First 150 of 220 actions detected
| 6:57 | Build | Stone Wall |
| 8:40 | Build | Stable |
| 8:42 | Build | Stable |
| 8:44 | Build | Stable |
| 8:46 | Build | Stable |
| 8:50 | Build | Stable |
| 8:51 | Build | Stable |
| 8:53 | Build | Stable |
| 8:54 | Build | Stable |
| 8:55 | Build | Stable |
| 9:05 | Build | Stable |
| 9:21 | Build | Archery Range |
| 10:27 | Build | Archery Range |
| 10:31 | Build | Archery Range |
| 10:38 | Build | Barracks |
| 10:40 | Build | Barracks |
| 15:03 | Build | Barracks |
| 15:05 | Build | Barracks |
| 15:07 | Build | Barracks |
| 15:13 | Build | Archery Range |
| 15:15 | Build | Archery Range |
| 15:31 | Build | Archery Range |
| 25:36 | Research | Bloodlines |
| 25:37 | Research | Husbandry |
| 25:38 | Research | Light Cavalry (upgrade) |
| 25:40 | Create | Knight ×5 |
| 25:40 | Create | Knight ×5 |
| 25:40 | Create | Knight ×5 |
| 25:40 | Create | Knight ×5 |
| 25:40 | Create | Knight ×5 |
| 25:40 | Create | Knight ×5 |
| 25:40 | Create | Knight ×5 |
| 25:40 | Create | Knight ×5 |
| 25:40 | Create | Knight ×5 |
| 25:40 | Create | Knight ×5 |
| 25:40 | Create | Knight ×5 |
| 25:40 | Create | Knight ×5 |
| 25:40 | Create | Knight ×5 |
| 25:40 | Create | Knight ×5 |
| 25:40 | Create | Knight ×5 |
| 25:40 | Create | Knight ×5 |
| 25:40 | Create | Knight ×5 |
| 25:40 | Create | Knight ×5 |
| 25:40 | Create | Knight ×5 |
| 25:40 | Create | Knight ×5 |
| 25:40 | Create | Knight ×5 |
| 25:40 | Create | Knight ×5 |
| 25:40 | Create | Knight ×5 |
| 25:40 | Create | Knight ×5 |
| 25:40 | Create | Knight ×5 |
| 25:40 | Create | Knight ×5 |
| 25:40 | Create | Knight ×5 |
| 25:40 | Create | Knight ×5 |
| 25:41 | Create | Knight ×5 |
| 25:41 | Create | Knight ×5 |
| 25:41 | Create | Knight ×5 |
| 25:41 | Create | Knight ×5 |
| 25:41 | Create | Knight ×5 |
| 25:41 | Create | Knight ×5 |
| 25:41 | Create | Knight ×5 |
| 25:41 | Create | Knight ×5 |
| 25:41 | Create | Knight ×5 |
| 25:41 | Create | Knight ×5 |
| 25:41 | Create | Knight ×5 |
| 25:41 | Create | Knight ×5 |
| 25:41 | Create | Knight ×5 |
| 25:41 | Create | Knight ×5 |
| 25:41 | Create | Knight ×5 |
| 25:41 | Create | Knight ×5 |
| 25:55 | Research | Arson |
| 25:56 | Research | Pikeman (upgrade) |
| 25:57 | Research | Squires |
| 25:58 | Research | Long Swordsman (upgrade) |
| 25:59 | Create | Fire Lancer ×5 |
| 25:59 | Create | Fire Lancer ×5 |
| 25:59 | Create | Fire Lancer ×5 |
| 25:59 | Create | Fire Lancer ×5 |
| 25:59 | Create | Fire Lancer ×5 |
| 25:59 | Create | Fire Lancer ×5 |
| 26:00 | Create | Fire Lancer ×5 |
| 26:00 | Create | Fire Lancer ×5 |
| 26:00 | Create | Fire Lancer ×5 |
| 26:00 | Create | Fire Lancer ×5 |
| 26:00 | Create | Fire Lancer ×5 |
| 26:00 | Create | Fire Lancer ×5 |
| 26:00 | Create | Fire Lancer ×5 |
| 26:00 | Create | Fire Lancer ×5 |
| 26:00 | Create | Fire Lancer ×5 |
| 26:00 | Create | Fire Lancer ×5 |
| 26:00 | Create | Fire Lancer ×5 |
| 26:00 | Create | Fire Lancer ×5 |
| 26:00 | Create | Fire Lancer ×5 |
| 26:00 | Create | Fire Lancer ×5 |
| 26:00 | Create | Fire Lancer ×5 |
| 26:00 | Create | Fire Lancer ×5 |
| 26:00 | Create | Fire Lancer ×5 |
| 26:00 | Create | Fire Lancer ×5 |
| 26:00 | Create | Fire Lancer ×5 |
| 26:00 | Create | Fire Lancer ×5 |
| 26:00 | Create | Fire Lancer ×5 |
| 26:00 | Create | Fire Lancer ×5 |
| 26:00 | Create | Fire Lancer ×5 |
| 26:00 | Create | Fire Lancer ×5 |
| 26:00 | Create | Fire Lancer ×5 |
| 26:00 | Create | Fire Lancer ×5 |
| 26:00 | Create | Fire Lancer ×5 |
| 26:00 | Create | Fire Lancer ×5 |
| 26:00 | Create | Fire Lancer ×5 |
| 26:00 | Create | Fire Lancer ×5 |
| 26:00 | Create | Fire Lancer ×5 |
| 26:22 | Build | Barracks |
| 26:26 | Build | Barracks |
| 26:30 | Build | Barracks |
| 26:32 | Build | Barracks |
| 26:34 | Build | Barracks |
| 26:36 | Build | Barracks |
| 26:38 | Build | Barracks |
| 26:41 | Build | Barracks |
| 27:00 | Create | Knight ×5 |
| 27:00 | Create | Knight ×5 |
| 27:00 | Create | Knight ×5 |
| 27:00 | Create | Knight ×5 |
| 27:00 | Create | Knight ×5 |
| 27:00 | Create | Knight ×5 |
| 27:00 | Create | Knight ×5 |
| 27:00 | Create | Knight ×5 |
| 27:00 | Create | Knight ×5 |
| 27:01 | Create | Knight ×5 |
| 27:01 | Create | Knight ×5 |
| 27:01 | Create | Knight ×5 |
| 27:01 | Create | Knight ×5 |
| 27:01 | Create | Knight ×5 |
| 27:01 | Create | Knight ×5 |
| 27:01 | Create | Knight ×5 |
| 27:01 | Create | Knight ×5 |
| 27:01 | Create | Knight ×5 |
| 27:01 | Create | Knight ×5 |
| 27:01 | Create | Knight ×5 |
| 27:01 | Create | Knight ×5 |
| 27:01 | Create | Knight ×5 |
| 27:01 | Create | Knight ×5 |
| 27:01 | Create | Knight ×5 |
| 27:01 | Create | Knight ×5 |
| 27:01 | Create | Knight ×5 |
| 27:01 | Create | Knight ×5 |
| 27:01 | Create | Knight ×5 |
| 27:01 | Create | Knight ×5 |
| 27:01 | Create | Knight ×5 |
| 27:01 | Create | Knight ×5 |
| 27:01 | Create | Knight ×5 |
Build order — PrinceDragon606
141 actions detected in the replay
| 17:25 | Research | Bodkin Arrow |
| 17:25 | Research | Leather Archer Armor |
| 17:26 | Research | Chain Barding Armor |
| 17:26 | Research | Chain Mail Armor |
| 17:28 | Research | Treadmill Crane |
| 17:29 | Research | Ballistics |
| 17:30 | Research | Guard Tower (upgrade) |
| 17:33 | Research | Treadmill Crane |
| 22:05 | Build | Stable |
| 22:06 | Build | Stable |
| 22:08 | Build | Archery Range |
| 22:09 | Build | Archery Range |
| 22:15 | Build | Barracks |
| 22:47 | Research | Bloodlines |
| 22:47 | Research | Husbandry |
| 22:48 | Research | Light Cavalry (upgrade) |
| 22:51 | Create | Battle Elephant ×5 |
| 22:51 | Create | Battle Elephant ×5 |
| 22:51 | Create | Battle Elephant ×5 |
| 22:51 | Create | Battle Elephant ×2 |
| 23:07 | Build | Stable |
| 23:10 | Build | Stable |
| 23:11 | Build | Stable |
| 23:13 | Build | Stable |
| 23:18 | Create | Battle Elephant ×5 |
| 23:19 | Create | Battle Elephant ×5 |
| 23:20 | Create | Battle Elephant ×5 |
| 23:39 | Create | Battle Elephant |
| 23:39 | Create | Battle Elephant |
| 24:03 | Research | Crossbowman (upgrade) |
| 24:03 | Research | Elite Skirmisher (upgrade) |
| 24:05 | Create | Elephant Archer ×5 |
| 24:05 | Create | Elephant Archer ×5 |
| 24:06 | Create | Elephant Archer ×3 |
| 24:06 | Create | Elephant Archer ×3 |
| 24:08 | Create | Battle Elephant ×5 |
| 24:09 | Create | Battle Elephant ×5 |
| 24:09 | Create | Battle Elephant ×5 |
| 24:10 | Create | Battle Elephant ×5 |
| 24:21 | Build | Stable |
| 24:22 | Build | Stable |
| 24:24 | Build | Stable |
| 24:28 | Build | Stable |
| 24:29 | Build | Stable |
| 24:31 | Build | Stable |
| 24:39 | Create | Battle Elephant ×3 |
| 24:49 | Create | Elephant Archer ×5 |
| 24:49 | Create | Elephant Archer ×5 |
| 24:50 | Create | Elephant Archer ×5 |
| 24:51 | Create | Battle Elephant ×5 |
| 24:52 | Create | Battle Elephant ×5 |
| 24:52 | Create | Battle Elephant ×5 |
| 25:08 | Create | Elephant Archer |
| 25:12 | Create | Battle Elephant ×3 |
| 25:12 | Create | Battle Elephant ×3 |
| 25:16 | Create | Battle Elephant |
| 25:45 | Create | Elephant Archer ×2 |
| 25:48 | Create | Battle Elephant ×5 |
| 25:48 | Create | Battle Elephant ×5 |
| 25:48 | Create | Battle Elephant ×5 |
| 25:49 | Create | Battle Elephant ×5 |
| 25:50 | Create | Battle Elephant ×5 |
| 25:50 | Create | Battle Elephant |
| 25:51 | Create | Battle Elephant |
| 25:55 | Research | Long Swordsman (upgrade) |
| 25:55 | Research | Pikeman (upgrade) |
| 25:56 | Research | Gambesons |
| 25:57 | Research | Squires |
| 25:57 | Research | Arson |
| 26:12 | Create | Battle Elephant ×3 |
| 26:12 | Create | Battle Elephant ×4 |
| 26:12 | Create | Battle Elephant |
| 26:16 | Create | Elephant Archer ×2 |
| 26:18 | Create | Battle Elephant ×5 |
| 26:18 | Create | Battle Elephant ×5 |
| 26:18 | Create | Battle Elephant ×5 |
| 26:19 | Create | Battle Elephant |
| 26:32 | Research | Plate Barding Armor |
| 26:32 | Research | Blast Furnace |
| 26:33 | Research | Bracer |
| 26:33 | Research | Ring Archer Armor |
| 26:35 | Research | Siege Engineers |
| 26:36 | Research | Keep (upgrade) |
| 26:37 | Research | Arrowslits |
| 26:43 | Research | Elite Ratha (upgrade) |
| 26:44 | Research | Spies/Treason |
| 26:44 | Research | Conscription |
| 26:45 | Research | Mahayana |
| 26:47 | Research | Two-Handed Swordsman (upgrade) |
| 26:53 | Research | Elite Battle Elephant (upgrade) |
| 27:04 | Research | Elite Elephant Archer (upgrade) |
| 27:04 | Research | Imperial Skirmisher (upgrade) |
| 27:04 | Research | Arbalester (upgrade) |
| 27:07 | Create | Battle Elephant ×5 |
| 27:08 | Create | Battle Elephant ×5 |
| 27:08 | Create | Battle Elephant ×5 |
| 27:09 | Create | Battle Elephant ×5 |
| 27:09 | Create | Battle Elephant ×5 |
| 27:11 | Create | Elephant Archer ×5 |
| 27:11 | Create | Elephant Archer ×5 |
| 27:13 | Research | Halberdier (upgrade) |
| 27:53 | Build | Archery Range |
| 27:59 | Build | Archery Range |
| 28:10 | Create | Elephant Archer ×5 |
| 28:10 | Create | Elephant Archer |
| 28:13 | Create | Battle Elephant ×5 |
| 28:13 | Create | Battle Elephant ×5 |
| 28:14 | Create | Battle Elephant ×5 |
| 28:37 | Create | Elephant Archer ×2 |
| 28:37 | Create | Elephant Archer ×2 |
| 28:39 | Create | Battle Elephant ×5 |
| 28:40 | Create | Battle Elephant ×5 |
| 28:40 | Create | Battle Elephant ×5 |
| 28:50 | Create | Elephant Archer ×5 |
| 28:50 | Create | Elephant Archer ×5 |
| 28:51 | Create | Elephant Archer ×5 |
| 28:53 | Create | Battle Elephant ×5 |
| 28:54 | Create | Battle Elephant ×5 |
| 28:54 | Create | Battle Elephant ×5 |
| 28:55 | Create | Battle Elephant ×5 |
| 28:56 | Create | Battle Elephant ×5 |
| 28:56 | Create | Battle Elephant ×5 |
| 29:23 | Build | Watch Tower |
| 29:28 | Build | Archery Range |
| 29:30 | Build | Archery Range |
| 29:31 | Build | Archery Range |
| 29:33 | Build | Archery Range |
| 29:35 | Build | Archery Range |
| 29:37 | Create | Elephant Archer ×5 |
| 29:38 | Create | Elephant Archer ×5 |
| 29:39 | Create | Elephant Archer ×5 |
| 30:02 | Research | Champion (upgrade) |
| 30:05 | Create | Militia ×5 |
| 30:05 | Create | Militia ×5 |
| 30:06 | Create | Militia ×4 |
| 30:09 | Create | Elephant Archer ×5 |
| 30:09 | Create | Elephant Archer ×5 |
| 30:09 | Create | Elephant Archer |
| 30:10 | Create | Elephant Archer |
| 30:29 | Create | Elephant Archer ×4 |
| 30:30 | Create | Elephant Archer ×4 |
Build order — [CeP]Alien_style
First 150 of 331 actions detected
| 10:30 | Research | Chain Mail Armor |
| 10:31 | Research | Iron Casting |
| 10:32 | Research | Bodkin Arrow |
| 10:33 | Research | Leather Archer Armor |
| 10:52 | Build | Barracks |
| 10:56 | Build | Barracks |
| 10:58 | Build | Barracks |
| 11:00 | Build | Barracks |
| 11:03 | Build | Archery Range |
| 11:05 | Build | Archery Range |
| 11:07 | Build | Archery Range |
| 11:09 | Build | Archery Range |
| 11:10 | Build | Archery Range |
| 13:40 | Build | Barracks |
| 13:44 | Build | Barracks |
| 13:46 | Build | Barracks |
| 13:48 | Build | Barracks |
| 13:50 | Build | Barracks |
| 13:52 | Build | Barracks |
| 13:53 | Build | Barracks |
| 13:55 | Build | Barracks |
| 14:02 | Research | Pikeman (upgrade) |
| 14:03 | Research | Arson |
| 14:04 | Research | Tech 1402 |
| 16:33 | Research | Spies/Treason |
| 16:35 | Research | Conscription |
| 16:37 | Research | Fabric Shields |
| 16:38 | Research | Andean Sling |
| 16:43 | Research | Elite Kamayuk (upgrade) |
| 16:45 | Research | Plate Mail Armor |
| 16:46 | Research | Blast Furnace |
| 16:47 | Research | Bracer |
| 16:48 | Research | Ring Archer Armor |
| 16:51 | Research | Halberdier (upgrade) |
| 16:52 | Research | Tech 1351 |
| 17:47 | Create | Unit 2550 ×5 |
| 17:47 | Create | Unit 2550 ×5 |
| 17:47 | Create | Unit 2550 ×5 |
| 17:47 | Create | Unit 2550 ×5 |
| 17:47 | Create | Unit 2550 ×5 |
| 17:48 | Create | Unit 2550 ×5 |
| 17:48 | Create | Unit 2550 ×5 |
| 17:48 | Create | Unit 2550 ×5 |
| 17:48 | Create | Unit 2550 ×5 |
| 17:48 | Create | Unit 2550 ×5 |
| 17:49 | Create | Unit 2550 ×5 |
| 17:49 | Create | Unit 2550 ×5 |
| 17:49 | Create | Unit 2550 ×5 |
| 17:49 | Create | Unit 2550 ×5 |
| 17:49 | Create | Unit 2550 ×5 |
| 17:50 | Create | Unit 2550 ×5 |
| 17:50 | Create | Unit 2550 ×5 |
| 17:53 | Research | Thumb Ring |
| 17:53 | Research | Crossbowman (upgrade) |
| 18:04 | Create | Archer ×5 |
| 18:04 | Create | Archer ×5 |
| 18:04 | Create | Archer ×5 |
| 18:04 | Create | Archer ×5 |
| 18:04 | Create | Archer ×5 |
| 18:05 | Create | Archer ×5 |
| 18:05 | Create | Archer ×5 |
| 18:05 | Create | Archer ×5 |
| 18:05 | Create | Archer ×5 |
| 18:05 | Create | Archer ×5 |
| 18:06 | Create | Archer ×5 |
| 18:06 | Create | Archer ×5 |
| 18:06 | Create | Archer ×5 |
| 18:06 | Create | Archer ×3 |
| 19:19 | Research | Arbalester (upgrade) |
| 19:25 | Build | Barracks |
| 19:27 | Build | Barracks |
| 19:28 | Build | Barracks |
| 19:30 | Build | Barracks |
| 19:33 | Build | Barracks |
| 19:35 | Build | Barracks |
| 19:37 | Build | Barracks |
| 19:39 | Build | Barracks |
| 19:46 | Build | Archery Range |
| 19:48 | Build | Archery Range |
| 19:56 | Research | Tech 1352 |
| 19:57 | Create | Unit 2550 ×5 |
| 19:57 | Create | Unit 2550 ×5 |
| 19:57 | Create | Unit 2550 ×5 |
| 19:58 | Create | Unit 2550 ×5 |
| 19:58 | Create | Unit 2550 ×5 |
| 19:58 | Create | Unit 2550 ×5 |
| 19:58 | Create | Unit 2550 ×5 |
| 19:58 | Create | Unit 2550 ×5 |
| 19:59 | Create | Unit 2550 ×5 |
| 19:59 | Create | Unit 2550 ×5 |
| 19:59 | Create | Unit 2550 ×5 |
| 19:59 | Create | Unit 2550 ×5 |
| 19:59 | Create | Unit 2550 ×5 |
| 20:00 | Create | Unit 2550 ×5 |
| 20:00 | Create | Unit 2550 ×5 |
| 20:00 | Create | Unit 2550 ×5 |
| 20:00 | Create | Unit 2550 ×5 |
| 20:00 | Create | Unit 2550 ×5 |
| 20:01 | Create | Unit 2550 ×5 |
| 20:01 | Create | Unit 2550 ×5 |
| 20:08 | Research | Treadmill Crane |
| 20:09 | Research | Ballistics |
| 20:10 | Research | Chemistry |
| 20:11 | Research | Arrowslits |
| 20:11 | Research | Guard Tower (upgrade) |
| 20:12 | Research | Siege Engineers |
| 20:13 | Research | Shipwright |
| 20:14 | Research | Tech 908 |
| 20:14 | Research | Careening |
| 21:11 | Build | Barracks |
| 21:13 | Build | Barracks |
| 21:14 | Build | Barracks |
| 21:16 | Build | Barracks |
| 21:21 | Build | Barracks |
| 21:23 | Build | Barracks |
| 21:25 | Build | Barracks |
| 21:26 | Build | Barracks |
| 21:50 | Create | Archer ×5 |
| 21:50 | Create | Archer ×5 |
| 21:51 | Create | Archer ×5 |
| 21:51 | Create | Archer ×5 |
| 21:51 | Create | Archer ×5 |
| 21:51 | Create | Archer ×5 |
| 21:51 | Create | Archer ×5 |
| 21:52 | Create | Archer ×5 |
| 21:52 | Create | Archer ×5 |
| 21:52 | Create | Archer ×5 |
| 21:52 | Create | Archer ×5 |
| 21:52 | Create | Archer ×5 |
| 21:53 | Create | Archer ×5 |
| 21:53 | Create | Archer ×5 |
| 21:53 | Create | Archer ×5 |
| 22:03 | Create | Unit 2550 ×5 |
| 22:03 | Create | Unit 2550 ×5 |
| 22:03 | Create | Unit 2550 ×5 |
| 22:03 | Create | Unit 2550 ×5 |
| 22:04 | Create | Unit 2550 ×5 |
| 22:04 | Create | Unit 2550 ×5 |
| 22:04 | Create | Unit 2550 ×5 |
| 22:04 | Create | Unit 2550 ×5 |
| 22:04 | Create | Unit 2550 ×5 |
| 22:05 | Create | Unit 2550 ×5 |
| 22:05 | Create | Unit 2550 ×5 |
| 22:06 | Create | Unit 2550 ×5 |
| 22:06 | Create | Unit 2550 ×5 |
| 22:06 | Create | Unit 2550 ×5 |
| 22:06 | Create | Unit 2550 ×5 |
| 22:06 | Create | Unit 2550 ×5 |
| 22:06 | Create | Unit 2550 ×5 |
| 22:06 | Create | Unit 2550 ×5 |
Build order — jyarar
First 150 of 364 actions detected
| 10:08 | Build | Stable |
| 10:13 | Build | Barracks |
| 10:58 | Build | Stable |
| 12:45 | Build | Stable |
| 12:45 | Build | Stable |
| 12:48 | Build | Stable |
| 12:50 | Build | Stable |
| 13:48 | Build | Stable |
| 13:51 | Build | Stable |
| 13:54 | Build | Stable |
| 13:56 | Build | Stable |
| 15:18 | Research | Iron Casting |
| 15:19 | Research | Chain Mail Armor |
| 15:19 | Research | Chain Mail Armor |
| 15:22 | Research | Chain Barding Armor |
| 15:30 | Research | Husbandry |
| 15:31 | Create | Knight |
| 15:31 | Create | Knight |
| 15:31 | Create | Knight |
| 15:32 | Create | Knight |
| 15:44 | Research | Bearded Axe |
| 15:55 | Research | Arson |
| 15:56 | Research | Gambesons |
| 16:04 | Create | Knight |
| 16:04 | Create | Knight |
| 16:04 | Create | Knight |
| 16:05 | Create | Knight |
| 16:05 | Create | Knight |
| 16:05 | Create | Knight |
| 16:26 | Create | Knight |
| 16:26 | Create | Knight |
| 16:27 | Create | Knight |
| 16:36 | Research | Ballistics |
| 16:38 | Research | Guard Tower (upgrade) |
| 17:07 | Create | Knight |
| 17:08 | Create | Knight |
| 17:08 | Create | Knight |
| 17:08 | Create | Knight |
| 17:08 | Create | Knight |
| 17:45 | Create | Knight |
| 17:46 | Create | Knight |
| 17:46 | Create | Knight |
| 17:46 | Create | Knight |
| 17:46 | Create | Knight |
| 17:47 | Create | Knight |
| 17:47 | Create | Knight |
| 17:47 | Create | Knight |
| 17:48 | Create | Knight |
| 17:48 | Create | Knight |
| 17:48 | Create | Knight |
| 17:48 | Create | Knight |
| 18:13 | Create | Knight |
| 18:14 | Create | Knight |
| 18:14 | Create | Knight |
| 18:14 | Create | Knight |
| 18:15 | Create | Knight |
| 18:47 | Create | Knight |
| 18:47 | Create | Knight |
| 18:47 | Create | Knight |
| 18:48 | Create | Knight |
| 18:48 | Create | Knight |
| 19:45 | Create | Knight |
| 19:46 | Create | Knight |
| 19:46 | Create | Knight |
| 19:46 | Create | Knight |
| 19:47 | Create | Knight |
| 19:57 | Research | Bodkin Arrow |
| 19:58 | Research | Leather Archer Armor |
| 20:18 | Create | Knight |
| 20:18 | Create | Knight |
| 20:19 | Create | Knight |
| 20:19 | Create | Knight |
| 20:24 | Create | Knight |
| 20:24 | Create | Knight |
| 20:24 | Create | Knight |
| 20:27 | Build | Stable |
| 20:30 | Build | Stable |
| 20:49 | Create | Knight |
| 20:49 | Create | Knight |
| 20:50 | Create | Knight |
| 20:50 | Create | Knight |
| 20:50 | Create | Knight |
| 20:50 | Create | Knight |
| 20:51 | Create | Knight |
| 21:37 | Create | Knight |
| 21:38 | Create | Knight |
| 21:38 | Create | Knight |
| 21:38 | Create | Knight |
| 21:38 | Create | Knight |
| 21:46 | Create | Knight |
| 21:46 | Create | Knight |
| 21:46 | Create | Knight |
| 21:46 | Create | Knight |
| 21:47 | Create | Knight |
| 21:47 | Create | Knight |
| 21:47 | Create | Knight |
| 21:48 | Create | Knight |
| 21:48 | Create | Knight |
| 21:48 | Create | Knight |
| 21:49 | Create | Knight |
| 21:49 | Create | Knight |
| 21:52 | Create | Knight |
| 21:52 | Create | Knight |
| 21:52 | Create | Knight |
| 22:10 | Build | Stable |
| 22:13 | Build | Stable |
| 22:54 | Create | Knight |
| 22:55 | Create | Knight |
| 22:55 | Create | Knight |
| 22:55 | Create | Knight |
| 22:55 | Create | Knight |
| 22:56 | Create | Knight |
| 22:56 | Create | Knight |
| 23:07 | Create | Knight |
| 23:07 | Create | Knight |
| 23:07 | Create | Knight |
| 23:07 | Create | Knight |
| 23:08 | Create | Knight |
| 23:08 | Create | Knight |
| 23:08 | Create | Knight |
| 23:09 | Create | Knight |
| 23:10 | Create | Knight ×5 |
| 23:10 | Create | Knight ×5 |
| 23:11 | Create | Knight ×5 |
| 23:11 | Create | Knight ×5 |
| 23:12 | Create | Knight ×5 |
| 23:12 | Create | Knight ×5 |
| 23:12 | Create | Knight ×5 |
| 23:12 | Create | Knight ×5 |
| 23:12 | Create | Knight ×5 |
| 23:12 | Create | Knight ×5 |
| 23:13 | Create | Knight ×5 |
| 23:13 | Create | Knight ×5 |
| 23:14 | Create | Knight ×5 |
| 23:28 | Create | Knight |
| 23:28 | Create | Knight |
| 23:28 | Create | Knight |
| 23:28 | Create | Knight |
| 23:28 | Create | Knight |
| 24:07 | Research | Blast Furnace |
| 24:08 | Research | Plate Mail Armor |
| 24:09 | Research | Plate Barding Armor |
| 24:11 | Research | Chivalry |
| 24:13 | Research | Conscription |
| 24:15 | Research | Elite Throwing Axeman (upgrade) |
| 24:16 | Research | Spies/Treason |
| 24:26 | Build | Watch Tower |
| 24:28 | Research | Chemistry |
| 24:29 | Research | Arrowslits |
| 24:30 | Research | Siege Engineers |
Build order — GeneralSenpai
First 150 of 172 actions detected
| 12:37 | Build | Stone Wall |
| 14:03 | Build | Stable |
| 14:04 | Build | Stable |
| 14:06 | Build | Stable |
| 14:15 | Build | Stable |
| 14:16 | Build | Stable |
| 14:17 | Build | Stable |
| 14:19 | Build | Stable |
| 14:20 | Build | Stable |
| 14:21 | Build | Stable |
| 14:24 | Build | Stable |
| 14:25 | Build | Stable |
| 14:26 | Build | Stable |
| 14:27 | Build | Stable |
| 14:30 | Build | Stable |
| 14:31 | Build | Stable |
| 14:33 | Build | Stable |
| 14:35 | Build | Stable |
| 14:37 | Build | Stable |
| 15:48 | Research | Husbandry |
| 16:56 | Research | Chain Barding Armor |
| 16:57 | Research | Iron Casting |
| 16:57 | Research | Chain Mail Armor |
| 16:57 | Research | Bodkin Arrow |
| 16:58 | Research | Leather Archer Armor |
| 17:01 | Research | Greek Fire |
| 17:44 | Research | Treadmill Crane |
| 17:45 | Research | Ballistics |
| 17:46 | Research | Guard Tower (upgrade) |
| 20:01 | Create | Knight ×5 |
| 20:02 | Create | Knight ×5 |
| 20:02 | Create | Knight ×5 |
| 20:02 | Create | Knight ×5 |
| 20:03 | Create | Knight ×5 |
| 20:03 | Create | Knight ×5 |
| 20:03 | Create | Knight ×5 |
| 20:03 | Create | Knight ×5 |
| 20:04 | Create | Knight ×5 |
| 20:04 | Create | Knight ×5 |
| 20:04 | Create | Knight ×5 |
| 20:05 | Create | Knight ×5 |
| 20:05 | Create | Knight ×5 |
| 20:05 | Create | Knight ×5 |
| 20:06 | Create | Knight ×5 |
| 20:06 | Create | Knight ×5 |
| 20:06 | Create | Knight ×5 |
| 20:07 | Create | Knight ×5 |
| 20:07 | Create | Knight ×5 |
| 20:07 | Create | Knight ×5 |
| 20:07 | Create | Knight ×5 |
| 20:08 | Create | Knight ×5 |
| 20:08 | Create | Knight ×5 |
| 20:08 | Create | Knight ×5 |
| 22:42 | Build | Archery Range |
| 22:43 | Build | Archery Range |
| 22:45 | Build | Archery Range |
| 22:46 | Build | Archery Range |
| 22:47 | Build | Archery Range |
| 22:48 | Build | Archery Range |
| 22:49 | Build | Archery Range |
| 22:50 | Build | Archery Range |
| 23:45 | Research | Crossbowman (upgrade) |
| 23:46 | Research | Thumb Ring |
| 24:05 | Create | Knight ×5 |
| 24:05 | Create | Knight ×5 |
| 24:06 | Create | Knight ×5 |
| 24:06 | Create | Knight ×5 |
| 24:06 | Create | Knight ×5 |
| 24:07 | Create | Knight ×5 |
| 24:07 | Create | Knight ×5 |
| 24:07 | Create | Knight ×5 |
| 24:07 | Create | Knight ×5 |
| 24:08 | Create | Knight ×5 |
| 24:08 | Create | Knight ×5 |
| 25:03 | Create | Archer ×5 |
| 25:04 | Create | Archer ×5 |
| 25:04 | Create | Archer ×5 |
| 25:04 | Create | Archer ×5 |
| 25:05 | Create | Archer ×5 |
| 25:05 | Create | Archer ×5 |
| 25:05 | Create | Archer ×5 |
| 25:05 | Create | Archer ×5 |
| 25:06 | Create | Archer ×5 |
| 25:28 | Create | Knight ×5 |
| 25:28 | Create | Knight ×5 |
| 25:28 | Create | Knight ×5 |
| 25:29 | Create | Knight ×5 |
| 25:29 | Create | Knight ×5 |
| 25:29 | Create | Knight ×5 |
| 25:30 | Create | Knight ×5 |
| 25:33 | Create | Archer ×5 |
| 25:33 | Create | Archer ×5 |
| 25:34 | Create | Archer ×5 |
| 25:34 | Create | Archer ×3 |
| 27:20 | Build | Archery Range |
| 27:21 | Build | Archery Range |
| 27:23 | Build | Archery Range |
| 27:24 | Build | Archery Range |
| 27:25 | Build | Archery Range |
| 27:26 | Build | Archery Range |
| 27:30 | Build | Archery Range |
| 27:31 | Build | Archery Range |
| 27:32 | Build | Archery Range |
| 27:33 | Build | Archery Range |
| 27:36 | Build | Archery Range |
| 27:37 | Build | Archery Range |
| 27:40 | Build | Stable |
| 27:42 | Build | Stable |
| 27:44 | Build | Stable |
| 27:45 | Build | Stable |
| 27:47 | Build | Stable |
| 27:47 | Build | Stable |
| 28:11 | Research | Cavalier (upgrade) |
| 28:21 | Research | Arbalester (upgrade) |
| 28:26 | Create | Archer ×5 |
| 28:27 | Create | Archer ×5 |
| 28:27 | Create | Archer ×5 |
| 28:27 | Create | Archer ×5 |
| 28:28 | Create | Archer ×5 |
| 28:28 | Create | Archer ×5 |
| 28:28 | Create | Archer ×5 |
| 28:28 | Create | Archer ×5 |
| 28:29 | Create | Archer ×5 |
| 28:29 | Create | Archer ×5 |
| 28:29 | Create | Archer ×5 |
| 28:30 | Create | Archer ×5 |
| 28:30 | Create | Archer ×5 |
| 28:30 | Create | Archer ×5 |
| 28:31 | Create | Archer ×5 |
| 28:31 | Create | Archer ×5 |
| 28:31 | Create | Archer ×5 |
| 28:42 | Create | Knight ×5 |
| 28:43 | Create | Knight ×5 |
| 28:43 | Create | Knight ×5 |
| 28:43 | Create | Knight ×5 |
| 28:44 | Create | Knight ×5 |
| 28:44 | Create | Knight ×5 |
| 28:44 | Create | Knight ×5 |
| 28:45 | Create | Knight ×5 |
| 28:45 | Create | Knight ×5 |
| 28:45 | Create | Knight ×5 |
| 28:46 | Create | Knight ×5 |
| 28:46 | Create | Knight ×5 |
| 28:46 | Create | Knight ×5 |
| 28:47 | Create | Knight ×5 |
| 28:47 | Create | Knight ×5 |
| 28:47 | Create | Knight |
| 28:55 | Research | Bracer |
| 28:56 | Research | Plate Barding Armor |
| 28:57 | Research | Ring Archer Armor |
Build order — 12345
24 actions detected in the replay
| 19:33 | Research | Cilician Fleet |
| 19:34 | Research | Bodkin Arrow |
| 19:35 | Research | Leather Archer Armor |
| 19:35 | Research | Iron Casting |
| 19:35 | Research | Chain Mail Armor |
| 19:36 | Research | Chain Barding Armor |
| 19:37 | Research | Ballistics |
| 19:37 | Research | Guard Tower (upgrade) |
| 19:38 | Research | Tech 909 |
| 19:38 | Research | Tech 908 |
| 19:39 | Research | Careening |
| 28:22 | Research | Spies/Treason |
| 28:23 | Research | Sappers |
| 28:24 | Research | Elite Composite Bowman (upgrade) |
| 28:24 | Research | Fereters |
| 28:25 | Research | Conscription |
| 28:28 | Research | Bracer |
| 28:28 | Research | Ring Archer Armor |
| 28:29 | Research | Blast Furnace |
| 28:29 | Research | Plate Mail Armor |
| 28:30 | Research | Chemistry |
| 28:31 | Research | Tech 910 |
| 28:32 | Research | Tech 907 |
| 28:32 | Research | Dry Dock |
Build order — TGT
First 150 of 849 actions detected
| 6:32 | Build | Barracks |
| 6:33 | Build | Barracks |
| 6:35 | Build | Barracks |
| 6:36 | Build | Barracks |
| 6:37 | Build | Barracks |
| 6:39 | Build | Barracks |
| 6:41 | Build | Barracks |
| 6:42 | Build | Barracks |
| 6:44 | Build | Barracks |
| 6:46 | Build | Barracks |
| 6:47 | Build | Barracks |
| 13:08 | Build | Palisade Wall |
| 16:06 | Build | Barracks |
| 18:08 | Research | Long Swordsman (upgrade) |
| 18:08 | Research | Pikeman (upgrade) |
| 18:20 | Create | Militia ×5 |
| 18:20 | Create | Militia ×5 |
| 18:21 | Create | Militia ×5 |
| 18:21 | Create | Militia ×5 |
| 18:21 | Create | Militia ×5 |
| 18:21 | Create | Militia ×5 |
| 18:21 | Create | Militia ×5 |
| 18:22 | Create | Spearman ×5 |
| 18:22 | Create | Militia ×5 |
| 18:22 | Create | Spearman ×5 |
| 18:22 | Create | Militia ×5 |
| 18:22 | Create | Spearman ×5 |
| 18:22 | Create | Militia ×5 |
| 18:23 | Create | Spearman ×5 |
| 18:23 | Create | Militia ×5 |
| 18:23 | Create | Spearman ×5 |
| 18:23 | Create | Militia ×5 |
| 18:23 | Create | Spearman ×5 |
| 18:23 | Create | Militia ×5 |
| 18:23 | Create | Militia ×5 |
| 18:23 | Create | Spearman ×5 |
| 18:23 | Create | Spearman ×5 |
| 18:23 | Create | Militia ×5 |
| 18:24 | Create | Spearman ×5 |
| 18:24 | Create | Militia ×5 |
| 18:24 | Create | Spearman ×5 |
| 18:24 | Create | Militia ×5 |
| 18:24 | Create | Spearman ×3 |
| 18:24 | Create | Militia ×3 |
| 18:31 | Research | Iron Casting |
| 18:32 | Research | Chain Mail Armor |
| 18:32 | Research | Chain Barding Armor |
| 18:32 | Research | Leather Archer Armor |
| 18:33 | Research | Bodkin Arrow |
| 18:36 | Research | Ballistics |
| 18:36 | Research | Tech 909 |
| 18:37 | Research | Tech 908 |
| 19:01 | Create | Militia ×5 |
| 19:01 | Create | Spearman ×5 |
| 19:01 | Create | Spearman ×5 |
| 19:01 | Create | Militia ×5 |
| 19:02 | Create | Militia ×5 |
| 19:02 | Create | Militia ×5 |
| 19:02 | Create | Spearman ×5 |
| 19:02 | Create | Militia ×5 |
| 19:02 | Create | Spearman ×5 |
| 19:11 | Build | Barracks |
| 19:13 | Build | Barracks |
| 19:14 | Build | Barracks |
| 19:18 | Create | Militia ×5 |
| 19:18 | Create | Militia ×5 |
| 19:18 | Create | Spearman ×5 |
| 19:19 | Create | Spearman ×3 |
| 19:19 | Create | Militia ×3 |
| 19:19 | Create | Militia ×3 |
| 19:19 | Create | Spearman ×3 |
| 19:32 | Create | Militia ×5 |
| 19:33 | Create | Spearman ×5 |
| 19:33 | Create | Militia ×5 |
| 19:33 | Create | Spearman ×2 |
| 19:33 | Create | Spearman ×2 |
| 19:33 | Create | Militia ×2 |
| 19:42 | Create | Militia |
| 19:42 | Create | Spearman |
| 19:55 | Create | Spearman ×5 |
| 19:55 | Create | Militia ×5 |
| 19:56 | Create | Spearman ×5 |
| 19:56 | Create | Militia ×5 |
| 19:56 | Create | Militia ×5 |
| 20:06 | Create | Militia ×3 |
| 20:06 | Create | Spearman ×3 |
| 20:06 | Create | Spearman ×3 |
| 20:06 | Create | Militia ×3 |
| 20:07 | Create | Spearman ×3 |
| 20:07 | Create | Militia ×3 |
| 20:07 | Create | Militia ×5 |
| 20:07 | Create | Spearman ×5 |
| 20:07 | Create | Spearman |
| 20:07 | Create | Militia |
| 20:19 | Create | Militia ×5 |
| 20:19 | Create | Spearman ×5 |
| 20:19 | Create | Militia ×5 |
| 20:19 | Create | Spearman ×5 |
| 20:19 | Create | Militia ×5 |
| 20:19 | Create | Spearman ×5 |
| 20:20 | Create | Militia ×5 |
| 20:24 | Create | Militia ×5 |
| 20:24 | Create | Spearman ×5 |
| 20:30 | Create | Militia ×5 |
| 20:30 | Create | Spearman ×5 |
| 20:31 | Create | Spearman ×5 |
| 20:31 | Create | Militia ×5 |
| 20:31 | Create | Spearman ×5 |
| 20:31 | Create | Militia ×5 |
| 20:31 | Create | Militia ×3 |
| 20:31 | Create | Militia ×3 |
| 20:32 | Create | Spearman ×3 |
| 20:42 | Build | Barracks |
| 20:43 | Build | Barracks |
| 20:44 | Build | Barracks |
| 20:48 | Create | Militia ×5 |
| 20:48 | Create | Spearman ×5 |
| 20:48 | Create | Militia ×5 |
| 20:48 | Create | Spearman ×5 |
| 20:58 | Create | Militia |
| 20:58 | Create | Spearman |
| 20:58 | Create | Militia |
| 20:58 | Create | Spearman |
| 20:59 | Create | Militia |
| 20:59 | Create | Spearman |
| 21:00 | Create | Militia |
| 21:00 | Create | Spearman |
| 21:00 | Create | Spearman |
| 21:00 | Create | Militia |
| 21:00 | Create | Spearman ×2 |
| 21:00 | Create | Militia ×2 |
| 21:00 | Create | Spearman |
| 21:00 | Create | Militia |
| 21:01 | Create | Militia |
| 21:01 | Create | Spearman |
| 21:01 | Create | Spearman ×2 |
| 21:01 | Create | Militia ×2 |
| 21:02 | Create | Spearman ×2 |
| 21:02 | Create | Militia ×2 |
| 21:02 | Create | Spearman ×2 |
| 21:02 | Create | Militia ×2 |
| 21:23 | Create | Militia ×5 |
| 21:23 | Create | Spearman ×5 |
| 21:24 | Create | Militia ×5 |
| 21:24 | Create | Spearman ×5 |
| 21:24 | Create | Militia ×5 |
| 21:24 | Create | Spearman ×5 |
| 21:24 | Create | Militia ×5 |
| 21:24 | Create | Spearman ×5 |
| 21:25 | Create | Militia ×5 |
Match timeline
| 6:32 | TGT · first_building Barracks |
| 6:57 | Call_Me_Pro:) · wall_segment Stone Wall x12 |
| 8:40 | Call_Me_Pro:) · first_building Stable |
| 9:21 | Call_Me_Pro:) · first_building Archery Range |
| 10:08 | jyarar · first_building Stable |
| 10:13 | jyarar · first_building Barracks |
| 10:38 | Call_Me_Pro:) · first_building Barracks |
| 10:52 | [CeP]Alien_style · first_building Barracks |
| 11:03 | [CeP]Alien_style · first_building Archery Range |
| 12:37 | GeneralSenpai · wall_segment Stone Wall x14 |
| 13:08 | TGT · wall_segment Palisade Wall x15 |
| 14:03 | GeneralSenpai · first_building Stable |
| 22:05 | PrinceDragon606 · first_building Stable |
| 22:08 | PrinceDragon606 · first_building Archery Range |
| 22:15 | PrinceDragon606 · first_building Barracks |
| 22:42 | GeneralSenpai · first_building Archery Range |
[ AI ANALYSIS · 1 CREDIT ]
What really happened in this match?
Wolo.gg analyzes every decision: build order, eco, micro, common mistakes by bracket. Personalized analysis on WhatsApp or Discord in 30 seconds.
Civ guide
Hindustanis
Map guide
CBA_=REQUIEM=_V292 (Scenario)
Perfil
avemariaboys